 Dungeon Crawl Stone Soup version 0.27.1-33-g824d729ab1 (webtiles) character file.

Game seed: 4050458746252327157

1764 hilljack the Destroyer (level 9, -1/57 HPs)
             Began as a Human Conjurer on Dec 29, 2021.
             Was a Follower of Vehumet.
             Slain by a sky beast (2 damage)
             ... on level 6 of the Dungeon on Dec 30, 2021.
             The game lasted 00:12:54 (7787 turns).

hilljack the Destroyer (Human Conjurer)             Turns: 7787, Time: 00:12:54

Health: -1/57      AC:  5    Str: 13    XL:     9   Next: 28%
Magic:  8/12       EV: 11    Int: 21    God:    Vehumet [*.....]
Gold:   271        SH:  0    Dex: 13    Spells: 9/12 levels left

rFire    . . .     SeeInvis .   p - +1 whip (freeze)
rCold    . . .     Faith    .   (no shield)
rNeg     . . .     Spirit   .   q - +0 leather armour
rPois    .         Reflect  .   (no helmet)
rElec    .         Harm     .   h - +1 cloak
rCorr    .         Rampage  .   (no gloves)
Will     .....                  (no boots)
Stlth    ++........             d - amulet of the acrobat
HPRegen  0.19/turn              o - +6 ring of strength
MPRegen  0.13/turn              (no ring)

@: no status effects
A: no striking features
a: Renounce Religion


You were on level 6 of the Dungeon.
You worshipped Vehumet.
Vehumet was aware of your devotion.
You visited 2 branches of the dungeon, and saw 7 of its levels.

You collected 271 gold pieces.

Inventory:

Hand Weapons
 p - a +1 whip of freezing (weapon)
Armour
 h - a +1 cloak (worn)
 q - a +0 leather armour (worn)
Jewellery
 d - an amulet of the acrobat (around neck)
 o - a +6 ring of strength (left hand)
Wands
 n - a wand of iceblast (13)
Scrolls
 e - a scroll of enchant armour
 k - a scroll of holy word
 l - a scroll of identify
 m - a scroll of fear
Potions
 c - a potion of haste
 g - 3 potions of heal wounds
 i - 2 potions of curing
 j - a potion of attraction


   Skills:
 - Level 2.0 Dodging
 - Level 2.0 Stealth
 - Level 2.0 Spellcasting
 + Level 11.8 Conjurations


You had 9 spell levels left.
You knew the following spells:

 Your Spells              Type           Power      Damage    Failure   Level
a - Magic Dart            Conj           100%       1d8       1%          1
b - Searing Ray           Conj           100%       3d7       1%          2

Your spell library contained the following spells:

 Spells                   Type           Power      Damage    Failure   Level
 Foxfire                  Conj/Fire      100%       2x1d9     1%          1
 Shock                    Conj/Air       100%       1d9       1%          1
 Dazzling Flash           Conj/Hex       52%        N/A       4%          3
 Fulminant Prism          Conj/Hex       13%        3d9       16%         4
 Iskenderun's Mystic Bla  Conj/Tloc      26%        2d7       16%         4
 Slow                     Hex            2%         N/A       28%         2
 Confusing Touch          Hex            2%         N/A       50%         3
 Swiftness                Air            2%         N/A       50%         3
 Vampiric Draining        Necr           1%         2d6       50%         3
 Airstrike                Air            1%         N/A       88%         4


Dungeon Overview and Level Annotations

Branches:
Dungeon (6/15)             Temple (1/1) D:4

Altars:
Elyvilon
Gozag
Hepliaklqana
Kikubaaqudgha
Nemelex Xobeh
Okawaru
Qazlal
Ru
Trog
Vehumet
Wu Jian
Xom
Yredelemnul
The Shining One

Shops:
D:3 [

Annotations:
D:4 3 runed translucent doors, KrombopulosMichael's ghost, amateur OpTm; dnasty's ghost, amateur GrFi; dnasty's ghost, amateur MiGl


Message History

Deactivating autopickup; reactivate with Ctrl-A.
The orc barely misses you. The orc hits you with a +0 hand axe.
There is a stone staircase leading up here.
Casting: Magic Dart (safe; 1% risk of failure)
Confirm with . or Enter, or press ? or * to list all spells.
Aiming: Searing Ray (safe; 1% risk of failure)
Press: ? - help, Shift-Dir - straight line, f - orc priest
Aim: an orc priest, wielding a +0 hand axe (83% to hit)
The searing ray hits the orc priest!
The orc priest is severely wounded. (Press . to maintain the ray.)
The orc barely misses you.
The searing ray misses the orc priest.
Something hits you. Something shocks you. The orc misses you.
The searing ray hits the orc priest!
You kill the orc priest!
Vehumet accepts your kill. Something hits you but does no damage.
The orc misses you.
You finish channeling your searing ray.
Something hits you but does no damage. The orc completely misses you.
Something misses you. The orc barely misses you.
Things that are here:
6 poisoned darts; a +0 short sword; a kobold skeleton You hit the orc.
You freeze the orc.
The orc is moderately wounded.
A centaur comes into view.
Something hits you. Something shocks you. The orc hits you with a +0 hand axe.
You hit the orc. You freeze the orc.
The orc is severely wounded.
The centaur wields a +0 shortbow.
The centaur shoots an arrow.
The arrow hits you! Something hits you but does no damage.
The orc hits you with a +0 hand axe.
You hit the orc but do no damage.
The orc is severely wounded.
The centaur shoots an arrow.
The arrow hits you!
* * * LOW HITPOINT WARNING * * *
The centaur shoots an arrow.
The arrow hits you!
* * * LOW HITPOINT WARNING * * *
Something hits you.
You die...

### .. #.. ..
###.##. #
....c
#.##.).##
#.#.....##
#....{)..##
#...@<....#
#...o.....####
#.............
##...(...##...
#......## .#
#.#....#
#.##.#... #.
#.###.. #. #.#
./..


You could see a centaur and an orc.

Vanquished Creatures
  Pikel (D:5)
  Sigmund (D:5)
  An ogre (D:5)
  2 necrophages
  2 lemures (D:5)
  Blork the orc (D:5)
  A kobold brigand (D:6)
  A scorpion (D:4)
  A centaur zombie (D:5)
  4 hounds
  A jelly (D:4)
  3 centaur skeletons
  3 orc priests
  A bullfrog skeleton (D:4)
  An iguana (D:5)
  An orc wizard (D:5)
  A killer bee zombie (D:5)
  A hound skeleton (D:5)
  A howler monkey zombie (D:5)
  7 gnolls
  6 adders
  An ufetubus (D:4)
  3 adder skeletons (D:4)
  3 worms
  A dart slug (D:4)
  13 orcs
  9 endoplasms
  A giant cockroach (D:4)
  12 goblins
  7 hobgoblins
  7 kobolds
  2 quokkas
  9 ball pythons
  5 bats
  3 frilled lizards (D:1)
  5 rats
122 creatures vanquished.

Vanquished Creatures (others)
  2 withered plants (D:4)
2 creatures vanquished.

Grand Total: 124 creatures vanquished

Notes
Turn   | Place    | Note
-------+----------+-------------------------------------------
     0 | D:1      | hilljack the Human Conjurer began the quest for the Orb.
     0 | D:1      | Reached XP level 1. HP: 13/13 MP: 3/3
   119 | D:1      | Found a faded altar of an unknown god.
   253 | D:1      | Reached XP level 2. HP: 7/19 MP: 0/5
   256 | D:1      | Learned a level 2 spell: Searing Ray
   870 | D:1      | Reached XP level 3. HP: 24/24 MP: 2/6
  1492 | D:2      | Reached skill level 5 in Conjurations
  2156 | D:2      | Reached XP level 4. HP: 30/30 MP: 2/7
  2872 | D:2      | Reached XP level 5. HP: 35/35 MP: 5/8
  3019 | D:3      | Reached skill level 6 in Conjurations
  3252 | D:3      | Found Roel Xiw's Armour Shop.
  3808 | D:4      | Found a runed translucent gate.
  3808 | D:4      | Found a runed translucent gate.
  3919 | D:4      | Reached XP level 6. HP: 38/41 MP: 3/9
  3936 | D:4      | Reached skill level 7 in Conjurations
  4548 | D:4      | Noticed a necrophage
  4553 | D:4      | Killed a necrophage
  4657 | D:4      | Reached XP level 7. HP: 46/46 MP: 6/10
  4810 | D:4      | Found a staircase to the Ecumenical Temple.
  4827 | D:4      | Reached skill level 8 in Conjurations
  5085 | Temple   | Entered the Ecumenical Temple
  5134 | Temple   | Became a worshipper of Vehumet
  5146 | D:4      | Found a runed translucent gate.
  5651 | D:4      | Noticed KrombopulosMichael's ghost (amateur OpTm)
  5652 | D:4      | Noticed dnasty's ghost (amateur GrFi)
  5652 | D:4      | Noticed dnasty's ghost (amateur MiGl)
  5671 | D:5      | Entered Level 5 of the Dungeon
  5871 | D:5      | Reached skill level 9 in Conjurations
  5975 | D:5      | Reached XP level 8. HP: 52/52 MP: 2/11
  6015 | D:5      | Noticed Sigmund
  6056 | D:5      | Killed Sigmund
  6056 | D:5      | Reached * piety under Vehumet
  6056 | D:5      | Offered knowledge of Foxfire by Vehumet.
  6186 | D:5      | Found an iron altar of Okawaru.
  6443 | D:5      | Reached skill level 10 in Conjurations
  6569 | D:5      | Noticed Pikel
  6618 | D:5      | Killed Pikel
  6619 | D:5      | Reached skill level 11 in Conjurations
  6619 | D:5      | Reached XP level 9. HP: 42/57 MP: 0/12
  7185 | D:5      | Noticed Blork the orc
  7196 | D:5      | Killed Blork the orc
  7787 | D:6      | HP: 1/57 [centaur/arrow (13)]
  7787 | D:6      | Slain by a sky beast

Illustrated notes

Levels and vault maps discovered:
D:1:      evilmike_arrival_plus, layout_basic,
          shapermc_ecumenical_altar_pompeii, corexii_item_surrounded_by_moat
D:2:      minmay_skewed_foursquare, layout_basic, kennysheep_nondescript
D:3:      layout_loops_cross, serial_shops, shop
D:4:      layout_gridville, minmay_temple_entry_proselytizer,
          gammafunk_ghost_cemetery, minmay_starry_boxes
D:5:      layout_gridville, mainiacjoe_overflow_paths, minmay_misc_feat_cross,
          uniq_sigmund, uniq_blork_the_orc, uniq_pikel
D:6:      layout_loops_ring, nicolae_overflow_hidden_temple,
          uniq_prince_ribbit1, uniq_edmund
Temple:   cyrus_circular_temple

Skill      XL: |  1  2  3  4  5  6  7  8 |
---------------+-------------------------+-----
Conjurations   | 5 6 7 9 11 | 11.8
Dodging        | |  2.0
Stealth        | |  2.0
Spellcasting   | |  2.0

Action                   |  1- 3 |  4- 6 |  7- 9 || total
-------------------------+-------+-------+-------++-------
Melee: Dagger            |    31 |    33 |    30 ||    94
       Whip              |       |       |    17 ||    17
 Cast: Magic Dart        |    45 |     8 |     9 ||    62
       Searing Ray       |    11 |    36 |    40 ||    87
  Use: Scroll            |     3 |     6 |       ||     9
       Potion            |     2 |     5 |       ||     7
 Stab: Sleeping          |       |       |     1 ||     1
Armor: Robe              |     7 |    14 |    26 ||    47
       Leather armour    |       |       |     3 ||     3
Dodge: Dodged            |    22 |    58 |    76 ||   156
